 Dungeon Crawl Stone Soup version 0.31.0-12-g77e489cdc1 (webtiles) character file.

Game seed: 17365282402488307540

66 Peloso the Trooper (level 3, -1/34 HPs)
             Began as a Minotaur Fighter on Feb 23, 2024.
             Slain by a ribbon worm (4 damage)
             ... on level 3 of the Dungeon.
             The game lasted 00:01:54 (1164 turns).

Peloso the Trooper (Minotaur Fighter)               Turns: 1164, Time: 00:01:55

Health: -1/34      AC:  7    Str: 23 (26) XL:     3   Next: 96%
Magic:  2/2        EV:  2    Int:  2 (5)  God:
Gold:   81         SH:  0    Dex: 11      Spells: 2/2 levels left

rFire   . . .        a - +0 long sword
rCold   . . .        c - +0 buckler
rNeg    . . .        b - +0 scale mail
rPois   .            (helmet restricted)
rElec   .            (no cloak)
rCorr   .            (no gloves)
SInv    .            (no boots)
Will    .....        (no amulet) Stlth
                     k - +6 ring of strength
HPRegen 0.25/turn    (no ring)
MPRegen 0.08/turn

%: no passive effects
@: held, constricted
A: horns 2, retaliatory headbutt, wild magic 1
a: no special abilities


You were on level 3 of the Dungeon.
You visited 1 branch of the dungeon, and saw 3 of its levels.

You collected 81 gold pieces.

Inventory:

Hand Weapons
 a - a +0 long sword (weapon)
Armour
 b - a +0 scale mail (worn)
 c - a +0 buckler (worn)
Jewellery
 k - a +6 ring of strength (left hand)
Scrolls
 f - a scroll of acquirement {unknown}
 g - a scroll of amnesia
 h - a scroll of identify
Potions
 d - a potion of might
 e - a potion of invisibility {unknown}
 i - 2 potions of curing {unknown}


   Skills:
 + Level 4.4 Fighting
 + Level 3.5 Long Blades
 + Level 3.7 Armour
 + Level 1.2 Dodging
 + Level 4.1 Shields


You had 2 spell levels left.
You didn't know any spells.
Your spell library was empty.

Dungeon Overview and Level Annotations

Branches:
Dungeon (3/15)

Altars:
Gozag

Portals:
Sewer: D:3


Innate Abilities, Weirdness & Mutations

You have a pair of horns on your head.
You reflexively headbutt those who attack you in melee.
Your spells are a little harder to cast, but a little more powerful.


Message History

You are no longer poisoned.
The ball python bites you but does no damage.
The ball python constricts you.
The ribbon worm bites you but does no damage.
The ball python barely misses you. The ball python constricts you.
The ribbon worm bites you but does no damage.
The ball python closely misses you. The ball python constricts you.
The ribbon worm closely misses you. The ball python bites you.
The ball python constricts you.
The ball python bites you but does no damage.
The ball python constricts you.
The ribbon worm expels a string of sticky webbing.
The stream of webbing hits you but does no damage.
You are caught in a web!
The ball python bites you but does no damage.
The ball python constricts you.
The ball python bites you but does no damage.
The ball python constricts you.
The ribbon worm bites you but does no damage.
The ball python bites you but does no damage.
The ball python constricts you. The ribbon worm barely misses you.
The ball python bites you but does no damage.
The ball python constricts you.
The ribbon worm bites you but does no damage.
The ball python bites you but does no damage.
The ball python constricts you.
The ball python bites you but does no damage.
The ball python constricts you.
The ribbon worm bites you but does no damage.
The ball python bites you but does no damage.
The ball python constricts you. The ball python bites you.
The ball python constricts you. The ribbon worm bites you.
* * * LOW HITPOINT WARNING * * *
The ball python bites you but does no damage.
The ball python constricts you. The ribbon worm completely misses you.
The ball python bites you.
* * * LOW HITPOINT WARNING * * *
The ball python constricts you. The ribbon worm bites you.
You die...

#...~~~~~...
...~~∩~~..
#..~~~~~.
#...~~~.
#......
#...B. #.wS#
#@# #.# #.#
#.# #.# #.#
#.# #.# #.#


You could see a ribbon worm, a giant cockroach and a ball python.

Vanquished Creatures
  2 adders
  A ribbon worm (D:2)
  5 ball pythons
  8 endoplasms
  2 giant cockroaches
  4 hobgoblins
  4 jackals (D:1)
  3 bats
  2 frilled lizards (D:1)
  4 goblins
  3 kobolds
  4 rats
42 creatures vanquished.

Notes
Turn   | Place    | Note
-------+----------+-------------------------------------------
     0 | D:1      | Peloso the Minotaur Fighter began the quest for the Orb.
     0 | D:1      | Reached XP level 1. HP: 19/19 MP: 0/0
   121 | D:1      | Reached XP level 2. HP: 26/27 MP: 1/1
   449 | D:1      | Reached XP level 3. HP: 34/34 MP: 2/2
   730 | D:1      | You fall into a shaft and drop 1 floor!
   739 | D:2      | Gained mutation: Your spells are a little harder to cast,
                  | but a little more powerful. [potion of mutation]
   771 | D:2      | Reached skill level 1 in Dodging
  1098 | D:3      | Found an opulent altar of Gozag.
  1132 | D:3      | Found a glowing drain.
  1164 | D:3      | Slain by a ribbon worm

Illustrated notes

Levels and vault maps discovered:
D:1:      dpeg_arrival_central, layout_basic
D:2:      minmay_wonky_spiral, layout_basic, nicolae_ecumenical_pavilion
D:3:      minmay_recursive_quarters, layout_loops_ring,
          nicolae_overflow_squiral, portal_sewer_entry_a,
          gammafunk_ghost_mausoleum, minivault_25, uniq_ijyb

Skill      XL: |  1  2  3 |
---------------+----------+-----
Fighting       | 4 |  4.4
Shields        | 4 |  4.1
Dodging        | 1 |  1.2
Long Blades    | 3 |  3.5
Armour         | |  3.7

Action                     || total
---------------------------++-------
  Melee: Long sword        ||    83
         Headbutt          ||    16
    Use: Potion            ||     3
         Scroll            ||     2
 Armour: Scale mail        ||   102
  Dodge: Dodged            ||    49
  Block: Buckler           ||    24
